 Dungeon Crawl Stone Soup version 0.31.0-12-g77e489cdc1 (webtiles) character file.

Game seed: 1324466463619162773

1131 hawla the Apothecary (level 8, -5/43 HPs)
             Began as a Deep Elf Alchemist on Feb 12, 2024.
             Was a Believer of Vehumet.
             Slain by a sleepcap (18 damage)
             ... on level 6 of the Dungeon.
             The game lasted 00:19:40 (5128 turns).

hawla the Apothecary (Deep Elf Alchemist)           Turns: 5128, Time: 00:19:41

Health: -5/43      AC:  5    Str:  5    XL:     8   Next: 13%
Magic:  2/16       EV:  2    Int: 23    God:    Vehumet [**....]
Gold:   215        SH:  0    Dex: 15    Spells: 5/15 levels left

rFire   . . .        c - staff of alchemy
rCold   . . .        (no shield)
rNeg    . . .        a - +1 robe
rPois   +            (no helmet)
rElec   .            k - +0 cloak
rCorr   .            e - +0 pair of gloves
SInv    .            (no boots)
Will    .....        (no amulet)
Stlth   ++           (no ring)
HPRegen 0.27/turn    (no ring)
MPRegen 0.15/turn

%: no passive effects
@: sleeping
A: no striking features
a: Renounce Religion


You were on level 6 of the Dungeon.
You worshipped Vehumet.
Vehumet was pleased with you.
You visited 1 branch of the dungeon, and saw 6 of its levels.

You collected 215 gold pieces.

Inventory:

Armour
 a - a +1 robe (worn)
 e - a +0 pair of gloves (worn)
 k - a +0 cloak (worn)
Magical Staves
 c - a staff of alchemy (weapon)
Wands
 i - a wand of roots (7)
 l - a wand of polymorph (12)
 m - a wand of paralysis (18)
Scrolls
 g - a scroll of enchant weapon
 h - a scroll of identify
Potions
 b - a potion of magic
 d - a potion of enlightenment {unknown}
 f - a potion of brilliance
 j - a potion of invisibility {unknown}
 n - a potion of heal wounds
 o - 3 potions of might


   Skills:
 - Level 1.0 Fighting
 + Level 4.4 Dodging
 - Level 3.0 Stealth
 - Level 4.0 Spellcasting
 - Level 3.0 Conjurations
 - Level 3.0 Fire Magic
 - Level 2.0 Air Magic
 - Level 6.0 Alchemy
 - Level 6.0 Evocations


You had 5 spell levels left.
You knew the following spells:

 Your Spells              Type           Power      Damage    Failure   Level
a - Sting                 Conj/Alch      100%       1d9       1%          1
b - Mercury Vapours       Alch/Air       68%        N/A       3%          2
c - Sticky Flame          Fire/Alch      37%        2d8       16%         4
d - Mephitic Cloud        Conj/Alch/Air  32%        N/A       7%          3

Your spell library contained the following spells:

 Spells                   Type           Power      Damage    Failure   Level
 Momentum Strike          Conj/Tloc      22%        3d8       9%          2
 Olgreb's Toxic Radiance  Alch           48%        N/A       9%          4
 Swiftness                Air            13%        N/A       14%         3
 Ensorcelled Hibernation  Hex/Ice        8%         N/A       16%         2
 Passwall                 Erth           4%         N/A       30%         3


Dungeon Overview and Level Annotations

Branches:
Dungeon (6/15)             Temple (0/1) D:4

Altars:
Ashenzari
Dithmenos
Kikubaaqudgha
Vehumet
Wu Jian

Shops:
D:1 (   D:5 ?

Annotations:
D:5 2 transporters, occam's ghost, amateur DsFi


Message History

Confirm with . or Enter, or press ? or * to list all spells.
Aiming: Sting (safe; 1% risk of failure)
Press: ? - help, Shift-Dir - straight line, f/p - sleepcap
Aim: a sleepcap (lightly damaged, poisoned, 100% to hit)
You feel a surge of power!
The sting hits the sleepcap.
The sleepcap looks even sicker.
The sleepcap is lightly damaged.
The sleepcap releases spores at you.
You hit the sleepcap.
The sleepcap is moderately damaged.
The sleepcap releases spores at you.
You hit the sleepcap.
You envenom the sleepcap.
The sleepcap is severely damaged.
The sleepcap barely misses you.
You hit the sleepcap but do no damage.
The sleepcap is severely damaged.
The sleepcap releases spores at you.
You hit the sleepcap but do no damage.
The sleepcap is severely damaged.
The sleepcap releases spores at you.
The sleepcap releases spores at you but does no damage.
You hit the sleepcap but do no damage.
The sleepcap is severely damaged.
The sleepcap barely misses you.
You hit the sleepcap but do no damage.
The sleepcap is severely damaged.
The sleepcap barely misses you.
You hit the sleepcap.
You envenom the sleepcap.
The sleepcap looks even sicker.
The sleepcap is severely damaged.
The sleepcap releases spores at you.
You hit the sleepcap but do no damage.
The sleepcap is severely damaged.
The sleepcap closely misses you.
You hit the sleepcap but do no damage.
You envenom the sleepcap.
The sleepcap is almost destroyed.
The sleepcap releases spores at you.
You are engulfed in a cloud of soporific spores!
You fall asleep.
The sleepcap releases spores at you!!
You die...

## #...........
...##..........#
....!.......!...#
................#
................#
................+
........f......#
#....?@......#
#....?###.....
#...[.# ...
#..)))# . #.....#
##....### #####
#......+ ....#
#.....##
....########.....#


You could see a sleepcap (very poisoned).

Vanquished Creatures
  Grinder (D:5)
  An orc warrior (D:5)
  An ogre (D:4)
  A phantom (D:5)
  A howler monkey (D:5)
  3 bombardier beetles
  Crazy Yiuf (D:2)
  A jelly (D:4)
  An orc priest (D:4)
  Terence (D:2)
  Natasha (twice) (D:2)
  2 iguanas (D:5)
  2 orc wizards
  9 gnolls
  7 adders
  6 ufetubi
  2 dart slugs
  2 ribbon worms
  7 orcs
  12 ball pythons
  6 bats
  7 endoplasms
  3 giant cockroaches
  9 goblins
  6 hobgoblins
  8 jackals
  3 quokkas
  A frilled lizard (D:3)
  11 kobolds
  4 rats
121 creatures vanquished.

Notes
Turn   | Place    | Note
-------+----------+-------------------------------------------
     0 | D:1      | hawla the Deep Elf Alchemist began the quest for the Orb.
     0 | D:1      | Reached XP level 1. HP: 10/10 MP: 6/6
   147 | D:1      | Reached skill level 1 in Fighting
   331 | D:1      | Reached XP level 2. HP: 16/16 MP: 2/8
   690 | D:1      | Found Wocageec's Weapon Emporium.
   961 | D:2      | Found a runed translucent door.
   962 | D:2      | Noticed Crazy Yiuf
  1013 | D:2      | Noticed Terence
  1033 | D:2      | Killed Terence
  1034 | D:2      | Reached XP level 3. HP: 14/20 MP: 1/9
  1075 | D:2      | Found a faded altar of an unknown god.
  1133 | D:2      | Learned a level 2 spell: Mercury Vapours
  1261 | D:2      | Reached XP level 4. HP: 25/25 MP: 10/10
  1372 | D:2      | Reached skill level 1 in Evocations
  1825 | D:2      | Noticed Natasha
  1837 | D:2      | Killed Natasha
  1940 | D:2      | Noticed Natasha
  1949 | D:2      | Killed Natasha
  1950 | D:2      | Reached XP level 5. HP: 15/29 MP: 3/11
  2033 | D:2      | Killed Crazy Yiuf
  2320 | D:3      | Found a radiant altar of Vehumet.
  2332 | D:3      | Became a worshipper of Vehumet
  2518 | D:3      | Found an ornate altar of the Wu Jian Council.
  2740 | D:3      | Reached skill level 5 in Alchemy
  2740 | D:3      | Reached XP level 6. HP: 33/34 MP: 1/12
  2939 | D:3      | Found an ancient bone altar of Kikubaaqudgha.
  3170 | D:4      | Learned a level 4 spell: Sticky Flame
  3243 | D:4      | Found a staircase to the Ecumenical Temple.
  3247 | D:4      | Reached * piety under Vehumet
  3247 | D:4      | Offered knowledge of Foxfire by Vehumet.
  3435 | D:4      | Reached skill level 1 in Fire Magic
  3553 | D:4      | Found a shadowy altar of Dithmenos.
  4059 | D:4      | Found a broken altar of Ashenzari.
  4069 | D:4      | Reached XP level 7. HP: 20/38 MP: 10/15
  4499 | D:5      | Entered Level 5 of the Dungeon
  4605 | D:5      | Found a transporter.
  4614 | D:5      | Noticed occam's ghost (amateur DsFi)
  4638 | D:5      | Found a transporter.
  4645 | D:5      | Noticed Grinder
  4646 | D:5      | Paralysed by Grinder for 3 turns
  4651 | D:5      | Reached ** piety under Vehumet
  4652 | D:5      | Reached skill level 1 in Air Magic
  4675 | D:5      | Offered knowledge of Momentum Strike by Vehumet.
  4704 | D:5      | Killed Grinder
  4705 | D:5      | Reached skill level 5 in Evocations
  4718 | D:5      | Found Gusitunk's Magic Scroll Boutique.
  4829 | D:5      | Reached XP level 8. HP: 11/43 MP: 6/16
  4979 | D:5      | Noticed an ancient zyme
  5039 | D:6      | Learned a level 3 spell: Mephitic Cloud
  5128 | D:6      | Slain by a sleepcap

Illustrated notes

Levels and vault maps discovered:
D:1:      minmay_arrival_arboretum_small, layout_loops_ring, serial_shops,
          nicolae_shop_bloodbath_and_beyond
D:2:      layout_basic, dreamdust_ecumenical_altar_statues, uniq_terence,
          uniq_natasha, uniq_crazy_yiuf_cottage
D:3:      minmay_diamond_boxcup, layout_rooms,
          nicolae_kikubaaqudgha_miasma_corner, nicolae_overflow_crystal_walls,
          amcnicky_altar_gilded, serial_bayou_pond_b
D:4:      layout_loops_ring, nicolae_ashenzari_skybound,
          nicolae_dithmenos_shadow_blocks, minmay_temple_entry_junction,
          lightli_ossuary_entry_decrepit_ruins
D:5:      minmay_chambers_of_threes, layout_rooms,
          gammafunk_ghost_abyssal_escape, serial_shops,
          nicolae_shop_hallway_plus, uniq_grinder
D:6:      layout_basic, minmay_crystal_room, uniq_jeremiah

Skill      XL: |  1  2  3  4  5  6  7  8 |
---------------+-------------------------+-----
Fighting       | 1 |  1.0
Stealth        | 3 |  3.0
Dodging        | 3 4 |  4.4
Conjurations   | 2 3 |  3.0
Evocations     | 2 3 6 |  6.0
Alchemy        | 4 5 6 |  6.0
Fire Magic     | 2 3 |  3.0
Spellcasting   | 4 |  4.0
Air Magic      | 2 |  2.0

Action                     |  1- 3 |  4- 6 |  7- 9 || total
---------------------------+-------+-------+-------++-------
  Melee: Staff             |    15 |   118 |    29 ||   162
         Punch             |       |     3 |       ||     3
   Cast: Sting             |    45 |    89 |    37 ||   171
         Mercury Vapours   |       |    21 |     1 ||    22
         Sticky Flame      |       |     2 |     5 ||     7
         Mephitic Cloud    |       |       |     2 ||     2
  Evoke: Wand              |       |       |     4 ||     4
    Use: Scroll            |     1 |     6 |     4 ||    11
         Potion            |     1 |       |     3 ||     4
   Stab: Sleeping          |     1 |     4 |       ||     5
         Paralysed         |       |       |     8 ||     8
 Armour: Robe              |    11 |   104 |    34 ||   149
         Skin              |       |       |     9 ||     9
  Dodge: Dodged            |    32 |   116 |    26 ||   174
